 Dungeon Crawl Stone Soup version 0.29.1-15-g9cfb28693d (webtiles) character file.

Game seed: 14994335935361031121

333 javelincjr the Trooper (level 6, -4/48 HPs)
             Began as a Djinni Hedge Wizard on May 2, 2023.
             Slain by a wight
             ... wielding a +1 great sword
              (7 damage)
             ... on level 4 of the Dungeon.
             The game lasted 00:22:17 (3959 turns).

javelincjr the Trooper (Djinni Hedge Wizard)        Turns: 3959, Time: 00:22:18

Health: -4/48      AC:  2    Str: 11    XL:     6   Next: 82%
Gold:   209        EV: 13    Int: 19    God:
                   SH:  0    Dex: 12

rFire   + + .      SeeInvis .   q - +0 dagger (freeze)
rCold   x . .      Faith    .   (no shield)
rNeg    . . .      Spirit   .   b - +0 robe
rPois   ∞          Reflect  .   c - +0 hat
rElec   .          Harm     .   (no cloak)
rCorr   .          Rampage  .   (no gloves)
Will    +....                   (boots unavailable)
Stlth   ++........              l - amulet of regeneration
HPRegen 0.96/turn               g - ring of Doubts {Will+ MP-9 Int+3 Slay+2}
MPRegen 0.00/turn               (no ring)

@: on blink cooldown, flying, studying Fighting
A: sickness immunity, fire resistance 2, cold vulnerability 1, float, innate
caster, HP casting, extra vitality 1
a: no special abilities


You were on level 4 of the Dungeon.
You visited 1 branch of the dungeon, and saw 4 of its levels.

You collected 209 gold pieces.

Inventory:

Hand Weapons
 a - a +0 dagger
 q - a +0 dagger of freezing (weapon)
 w - a +0 short sword of venom
Armour
 b - a +0 robe (worn)
 c - a +0 hat (worn)
Jewellery
 g - the ring of Doubts (left hand) {Will+ MP-9 Int+3 Slay+2}
   (You acquired it on level 4 of the Dungeon)

   [ring of willpower]

   Int:       It affects your intelligence (+3).
   Slay:      It affects your accuracy & damage with ranged weapons and melee
   (+2).
   MP:        It affects your magic capacity (-9).
   Will:      It increases your willpower.
 l - an amulet of regeneration (around neck)
 v - an amulet of reflection
Scrolls
 d - 4 scrolls of teleportation
 e - 2 scrolls of poison
 f - a scroll of butterflies {unknown}
 h - a scroll of summoning {unknown}
 k - 2 scrolls of amnesia
 m - a scroll of fear {unknown}
 p - a scroll of noise {unknown}
 s - 2 scrolls of enchant weapon {unknown}
 t - a scroll of enchant armour {unknown}
 u - a scroll of blinking {unknown}
Potions
 j - a potion of haste
 n - a potion of mutation {unknown}
 o - a potion of invisibility {unknown}
 r - a potion of ambrosia {unknown}


   Skills:
 * Level 4.7 Fighting
 + Level 4.0 Dodging
 - Level 1.6 Stealth
 + Level 3.4 Spellcasting


You couldn't memorise any spells.
You knew the following spells:

 Your Spells              Type           Power      Damage    Failure   Level
a - Magic Dart            Conj           64%        1d6       3%          1
b - Blink                 Tloc           32%        N/A       5%          2
c - Call Imp              Summ           16%        N/A       5%          2
d - Slow                  Hex            64%        N/A       3%          1
e - Conjure Flame         Conj/Fire      16%        6-21      11%         3
f - Mephitic Cloud        Conj/Pois/Air  16%        N/A       11%         3
g - Necrotise             Necr           64%        1d7       3%          1
h - Static Discharge      Conj/Air       16%        3-5/arc   5%          2
Your spell library was empty.

Dungeon Overview and Level Annotations

Branches:
Dungeon (4/15)
 Temple: D:4-7

Altars:


Innate Abilities, Weirdness & Mutations

You are immune to sickness and miasma.
You are immune to poison.
Your flesh is very heat resistant. (rF++)
You are vulnerable to cold. (rC-)
You float through the air rather than walking.
You learn spells naturally, not from books.
Your magical power is your life essence.
You have superior vitality. (+4 MHP)


Message History

Found a stone staircase leading down.
You feel stable enough to blink again.
Casting: Blink (safe; 6% risk of failure)
Confirm with . or Enter, or press ? or * to list all spells.
The wight is struck by an arc of lightning!
The wight is heavily damaged.
The wight is struck by an arc of lightning.
The wight is heavily damaged.
The wight is struck by an arc of lightning!
The wight is almost destroyed.
The wight is struck by an arc of lightning.
The wight is moderately damaged.
The lightning grounds out.
The wight barely misses you.
Your crimson imp blinks!
Casting: Static Discharge (safe; 6% risk of failure)
Confirm with . or Enter, or press ? or * to list all spells.
The wight is struck by an arc of lightning.
The wight is almost destroyed.
You are struck by an arc of lightning.
The lightning grounds out.
The wight hits you with a +0 mace.
Casting: Static Discharge (safe; 6% risk of failure)
Confirm with . or Enter, or press ? or * to list all spells.
The wight is struck by an arc of lightning.
You destroy the wight!
You are struck by an arc of lightning.
The wight is struck by an arc of lightning.
You destroy the wight!
The wight is struck by an arc of lightning!
The wight is severely damaged.
The lightning grounds out.
The wight hits you with a +1 great sword!!
* * * LOW HITPOINT WARNING * * *
Your Fighting skill increases to level 4!
Your Dodging skill increases to level 4!
Casting: Static Discharge (safe; 5% risk of failure)
Confirm with . or Enter, or press ? or * to list all spells.
You blink.
* * * LOW HITPOINT WARNING * * *
The wight hits you with a +1 great sword!
You die...

......#############.......#
.#'##........###...########
.#..#........+......#
.#..+........#......#
.####........############ ###
######'#............. ..#
...#............. ..#
.....+.............
..#........#....@...>....
..#........#...)z........
[.#........#.....§.......
..##..##.###.............
..##..##.########.....###
.........#......#.....#
.........#......+.....#
.........#......#.....#
####..##..##.####.....########


You could see a wight.

Vanquished Creatures
  2 wights (D:4)
  An iguana (D:4)
  4 adders
  A worm (D:3)
  2 dart slugs
  7 orcs
  3 ball pythons
  3 bats
  4 endoplasms
  2 giant cockroaches
  11 goblins
  9 hobgoblins
  2 quokkas
  3 frilled lizards
  7 kobolds
  4 rats
65 creatures vanquished.

Vanquished Creatures (collateral kills)
  A wight (D:4)
  Robin (D:3)
  An adder (D:3)
  A ball python (D:1)
  An endoplasm (D:2)
  4 hobgoblins
  A kobold (D:1)
  A bat (D:1)
  6 goblins
  A rat (D:1)
18 creatures vanquished.

Grand Total: 83 creatures vanquished

Notes
Turn   | Place    | Note
-------+----------+-------------------------------------------
     0 | D:1      | javelincjr the Djinni Hedge Wizard began the quest for the
                  | Orb.
     0 | D:1      | javelincjr set off with the following spells memorised:
                  | Magic Dart, Blink, Call Imp, Slow, Conjure Flame, Mephitic
                  | Cloud.
     0 | D:1      | Reached XP level 1. HP: 15/15 MP: 0/0
   298 | D:1      | Reached XP level 2. HP: 19/22 MP: 0/0
   369 | D:1      | Reached skill level 1 in Fighting
   995 | D:1      | Reached XP level 3. HP: 20/27 MP: 0/0
   995 | D:1      | Learned a level 1 spell: Necrotise
  2086 | D:2      | Reached XP level 4. HP: 29/33 MP: 0/0
  2897 | D:3      | Found a faded altar of an unknown god.
  2947 | D:3      | Reached XP level 5. HP: 21/39 MP: 0/0
  2947 | D:3      | Learned a level 2 spell: Static Discharge
  2965 | D:3      | Noticed Robin
  3008 | D:3      | Killed Robin
  3451 | D:4      | Reached XP level 6. HP: 46/46 MP: 0/0
  3867 | D:4      | Identified 2 scrolls of acquirement
  3869 | D:4      | Acquired a manual of Fighting
  3871 | D:4      | Acquired the ring of Doubts {Will+ MP-9 Int+3 Slay+2}
  3959 | D:4      | Slain by a wight

Illustrated notes

Levels and vault maps discovered:
D:1:      psy_arrival_whirlpool, layout_rooms
D:2:      layout_loops_ring
D:3:      layout_rooms, ebering_ecumenical_altar_sacrificial,
          minmay_goblin_kobold_house, uniq_robin
D:4:      layout_gridville, st_stairs_5

Skill      XL: |  1  2  3  4  5  6 |
---------------+-------------------+-----
Fighting       | 1 2 3 4 |  4.7
Dodging        | 3 4 |  4.0
Spellcasting   | 3 |  3.4
Stealth        | |  1.6

Action                   |  1- 3 |  4- 6 || total
-------------------------+-------+-------++-------
Melee: Dagger            |    37 |    50 ||    87
 Cast: Magic Dart        |    53 |    65 ||   118
       Call Imp          |     4 |    12 ||    16
       Necrotise         |    19 |    34 ||    53
       Mephitic Cloud    |       |     8 ||     8
       Slow              |       |     3 ||     3
       Conjure Flame     |       |     1 ||     1
       Blink             |       |     4 ||     4
       Static Discharge  |       |     3 ||     3
  Use: Scroll            |       |     7 ||     7
 Stab: Sleeping          |     1 |       ||     1
       Confused          |       |     2 ||     2
Armor: Robe              |    12 |     7 ||    19
Dodge: Dodged            |    48 |    52 ||   100
